 Dungeon Crawl Stone Soup version 0.30.1-11-g7821555f0a (webtiles) character file.

Game seed: 3634550500335982236

11 ChrisAssaf the Magician (level 2, 0/22 HPs)
             Began as a Djinni Venom Mage on Nov 23, 2023.
             Slain by an adder (2 damage)
             ... on level 2 of the Dungeon.
             The game lasted 00:02:31 (500 turns).

ChrisAssaf the Magician (Djinni Venom Mage)          Turns: 500, Time: 00:02:32

Health: 0/22       AC:  2    Str:  7    XL:     2   Next: 40%
Gold:   36         EV: 12    Int: 16    God:
                   SH:  0    Dex: 13

rFire   + + .        f - +1 dagger
rCold   . . .        (no shield)
rNeg    . . .        a - +0 robe
rPois   ∞            (no helmet)
rElec   .            (no cloak)
rCorr   .            (no gloves)
SInv    .            (boots unavailable)
Will    .....        (no amulet)
Stlth   ++           c - ring of protection from cold
HPRegen 0.23/turn    (no ring)
MPRegen 0.00/turn

%: infuse magic (-1 HP)
@: flying, hasted, very quick
A: sickness immunity, fire resistance 2, cold vulnerability 1, float, innate
caster, HP casting, extra vitality 1
a: no special abilities


You were on level 2 of the Dungeon.
You visited 1 branch of the dungeon, and saw 2 of its levels.

You collected 36 gold pieces.

Inventory:

Hand Weapons
 f - a +1 dagger (weapon)
Armour
 a - a +0 robe (worn)
Jewellery
 c - a ring of protection from cold (left hand)
 d - a ring of protection from cold


   Skills:
 * Level 0.3 Fighting
 * Level 0.3 Armour
 * Level 2.2 Dodging
 * Level 1.6 Stealth
 * Level 2.7 Spellcasting


You knew the following spells:

 Your Spells              Type           Power      Damage    Failure   Level
a - Sting                 Tmut/Pois      44%        1d5       6%          1
b - Poisonous Vapours     Pois/Air       22%        N/A       10%         2
c - Mephitic Cloud        Conj/Pois/Air  11%        N/A       19%         3
d - Olgreb's Toxic Radia  Pois           11%        N/A       52%         4
Your spell library was empty.

Dungeon Overview and Level Annotations

Branches:
Dungeon (2/15)

Altars:


Innate Abilities, Weirdness & Mutations

You are immune to sickness and miasma.
You are immune to poison.
Your flesh is very heat resistant. (rF++)
You are vulnerable to cold. (rC-)
You float through the air rather than walking.
You learn spells naturally, not from books.
Your magical power is your life essence.
You have superior vitality. (+4 MHP)


Message History

The bat misses you. The bat closely misses you. The adder closely misses you.
You closely miss the adder.
The adder is lightly wounded.
The adder bites you. The bat barely misses you.
The adder completely misses you.
You hit the adder.
The adder is heavily wounded.
The bat barely misses you. The adder bites you.
* * * LOW HITPOINT WARNING * * *
It was a potion of haste.
You feel yourself speed up.
The adder looks more healthy.
The adder closely misses you. The bat hits you.
* * * LOW HITPOINT WARNING * * *
The bat looks more healthy.
The bat hits you but does no damage. The bat barely misses you.
A bat comes into view.
The bat hits you but does no damage. The bat attacks as you move away!
The bat hits you but does no damage.
A bat comes into view.
The bat hits you but does no damage. The bat attacks as you move away!
The bat closely misses you. The bat hits you.
* * * LOW HITPOINT WARNING * * *
The bat hits you but does no damage. The bat barely misses you.
The bat attacks as you move away! The bat barely misses you. The bat hits you.
* * * LOW HITPOINT WARNING * * *
Found 10 gold pieces.
The bat hits you but does no damage.
A kobold comes into view. It is wielding a +0 short sword.
Found a fuming brown potion.
The kobold shouts!
The bat barely misses you. The bat completely misses you.
The bat closely misses you. x2
As you read the scroll labelled JUUTREX ALISS, it crumbles to dust.
It is a scroll of enchant weapon.
Your +0 dagger glows red for a moment.
The bat barely misses you. The bat hits you but does no damage.
As you read the scroll labelled YSTYCWISUYRY, it crumbles to dust.
The scroll dissolves into smoke.
It was a scroll of fog.
The bat misses you. The adder bites you.
You die...

....###.## #...###.
.........†.# #.#. #.
........##.######.#.###.
.......###........#.....
........##.......##.....
.........#......$##.....
......!..........###....
...$..§§§............##.
......§@§....^...#### #.
......bbSb......## #.
................## #.
.....>...........### #.
...K...............#. ..
.!................... ##
#.........##.....!...
##..###..###..##.<...
#.. ##....... ....#


You could see an adder, 3 bats and a kobold.

Vanquished Creatures
  4 endoplasms
  A giant cockroach (D:1)
  A hobgoblin (D:2)
  A quokka (D:2)
  2 kobolds
  A rat (D:1)
10 creatures vanquished.

Notes
Turn   | Place    | Note
-------+----------+-------------------------------------------
     0 | D:1      | ChrisAssaf the Djinni Venom Mage began the quest for the
                  | Orb.
     0 | D:1      | ChrisAssaf set off with the following spells memorised:
                  | Sting, Poisonous Vapours, Mephitic Cloud, Olgreb's Toxic
                  | Radiance.
     0 | D:1      | Reached XP level 1. HP: 15/15 MP: 0/0
   315 | D:1      | Reached XP level 2. HP: 21/21 MP: 0/0
   494 | D:2      | HP: 1/22 [bat (1)]
   500 | D:2      | Slain by an adder

Illustrated notes

Levels and vault maps discovered:
D:1:      roderic_dead_forest, layout_basic, nicolae_wormholes
D:2:      layout_rooms

Action                     || total
---------------------------++-------
  Melee: Dagger            ||     7
   Cast: Sting             ||    13
         Poisonous Vapours ||     4
    Use: Scroll            ||     2
         Potion            ||     1
   Stab: Sleeping          ||     2
 Armour: Robe              ||     8
  Dodge: Dodged            ||    29
